Map: Catalyseur EC

Players

ShaDoWn

  • Race: Protoss Protoss
  • League: Grandmaster
  • Spawn Location: 11:00

Namshar - Winner!

  • Race: Zerg Zerg
  • League: Grandmaster
  • Spawn Location: 5:00

Event: HomeStory Cup XVII

VOD

Have the link to the VOD?

Description

Time

  • Played on: June 28, 2018, 5:58 p.m.
  • Length: 11:49

All games in this series

Show
View Real Time Build Order
Export as new Build Order

ShaDoWn Protoss 

Build Orders: 1 Gate Expand, Oracle Opening, Phoenix Opening, Archon Immortal, Zealot Archon, Archon Drop 

Get SALT Encoding   

  12  0:00  Probe  
  13  0:12  Probe  
  14  0:20  Pylon  
  14  0:24  Probe  
  15  0:34  Probe  
  15  0:39  Gateway  
  15  0:42  Probe  
  16  0:47  Assimilator  
  17  0:52  Probe  
  18  1:05  Probe  
  19  1:17  Probe  
  20  1:24  Nexus  
  20  1:35  Cybernetics Core  
  20  1:38  Probe  
  21  1:43  Assimilator  
  21  1:50  Probe  
  21  1:52  Pylon  
  22  2:02  Probe  
  22  2:03  Adept  
  23  2:14  Probe  
  26  2:20  Stargate  
  26  2:25  Probe  
  26  2:29  Adept  
  27  2:32  Probe  
  27  2:33  Probe  
  27  2:35  Warp Gate  
  31  2:40  Probe  
  31  2:41  Probe  
  31  2:50  Probe  
  33  2:53  Probe  
  33  2:56  Phoenix  
  35  3:03  Probe  
  35  3:05  Probe  
  39  3:07  Pylon  
  39  3:15  Gateway, Probe  
  39  3:17  Probe  
  41  3:20  Oracle  
  44  3:27  Probe  
  44  3:29  Probe  
  44  3:32  Assimilator  
  46  3:35  Assimilator, Probe  
  47  3:41  Probe  
  47  3:43  Probe  
  49  3:48  Robotics Facility  
  49  3:53  Probe  
  49  3:54  Probe  
  50  3:57  Twilight Council  
  50  4:01  Pylon  
  51  4:05  Probe  
  51  4:06  Probe  
  53  4:11  Gateway  
  53  4:13  Gateway  
  53  4:17  Probe  
  53  4:19  Probe  
  55  4:27  Warp Prism  
  55  4:31  Probe  
  56  4:35  Pylon  
  58  4:40  Zealot x2  
  62  4:46  Templar Archives  
  62  5:00  Nexus  
  62  5:01  Pylon  
  62  5:04  Probe, Observer  
  62  5:05  Probe  
  65  5:13  Forge, Pylon  
  65  5:17  Probe x2  
  67  5:23  High Templar x4  
  75  5:28  Archon  
  75  5:29  Probe  
  75  5:30  Immortal  
  75  5:34  Probe  
  77  5:37  Archon  
  77  5:41  Probe  
  82  5:43  Robotics Facility  
  82  5:48  Probe  
  83  5:55  Gateway, Probe  
  83  5:56  Protoss Ground Weapons Level 1  
  84  5:59  Gateway  
  84  6:00  Probe  
  85  6:07  Probe  
  86  6:12  Gateway, Probe  
  86  6:13  Gateway  
  86  6:14  Probe  
  86  6:15  Charge  
  88  6:19  Probe  
  88  6:23  Adept  
  88  6:24  High Templar  
  93  6:26  High Templar  
  95  6:33  Psionic Storm  
  95  6:37  Pylon  
  95  6:40  Probe x2  
  95  6:43  Assimilator  
  98  6:47  Assimilator, Probe  
  98  6:48  Pylon  
  98  6:50  Pylon  
  98  6:52  Probe x2  
  100  6:56  Pylon  
  100  6:59  Probe  
  100  7:00  Immortal  
  105  7:02  Pylon  
  105  7:04  Probe  
  106  7:09  Immortal  
  110  7:20  High Templar, Zealot  
  110  7:21  Zealot  
  116  7:33  Protoss Ground Weapons Level 2  
  116  7:34  High Templar, Zealot x2  
  122  7:40  Immortal  
  126  7:51  Nexus, High Templar, Pylon  
  128  7:59  Pylon  
  128  8:02  Immortal  
  132  8:08  Pylon  
  132  8:09  Zealot  
  132  8:11  Zealot  
  136  8:13  Zealot x5  
  142  8:22  Shield Battery  
  142  8:23  Immortal  
  142  8:25  Photon Cannon  
  146  8:27  Photon Cannon  
  146  8:32  Zealot x3  
  152  8:37  Shield Battery  
  152  8:38  Photon Cannon  
  152  8:41  High Templar x3  
  154  8:43  Pylon  
  154  8:46  Probe  
  149  8:53  Zealot  
  149  8:54  Zealot x4  
  140  9:16  Zealot x5  
  128  9:26  Immortal x2  
  128  9:29  Probe x3  
  135  9:32  Assimilator x2  
  135  9:36  Zealot x4  
  135  9:37  Pylon  
  143  9:42  Probe  
  130  9:52  High Templar x2  
  132  9:54  Forge  
  134  10:01  Archon  
  134  10:02  Zealot x4  
  134  10:05  Warp Prism x2  
  134  10:06  Probe  
  134  10:07  Probe x2  
  138  10:10  Probe  
  137  10:18  Probe  
  137  10:20  High Templar  
  140  10:26  Zealot x2  
  144  10:30  Zealot x3  
  139  10:40  Zealot  
  139  10:41  Immortal  
  139  10:42  Observer  
  119  10:58  Archon  
  119  11:00  High Templar x7  
  119  11:02  Pylon  
  119  11:03  Observer, Pylon  
  119  11:04  Archon x3  
  129  11:15  Archon  
  88  11:33  Zealot x7  
Show
View Real Time Build Order
Export as new Build Order

Namshar Zerg - Winner!

Build Orders: Hatch First, Lurkers 

Get SALT Encoding   

  12  0:01  Drone  
  13  0:12  Overlord  
  13  0:17  Drone  
  14  0:30  Drone x2  
  16  0:48  Hatchery  
  15  0:52  Drone  
  15  0:55  Drone  
  17  0:58  Drone  
  18  1:09  Extractor  
  17  1:14  Spawning Pool  
  17  1:18  Drone  
  17  1:20  Drone  
  18  1:27  Drone  
  19  1:39  Drone  
  20  1:49  Overlord  
  20  2:01  Queen x2  
  22  2:02  Zergling x4  
  26  2:09  Metabolic Boost  
  26  2:12  Drone  
  26  2:13  Drone  
  28  2:22  Drone x2  
  30  2:32  Drone  
  30  2:33  Drone  
  32  2:41  Hatchery  
  32  2:43  Drone  
  32  2:48  Overlord  
  32  2:55  Drone x2  
  34  3:02  Queen  
  36  3:10  Drone x5  
  41  3:17  Overlord  
  41  3:19  Drone  
  42  3:26  Overlord  
  42  3:29  Drone  
  43  3:37  Overlord  
  43  3:38  Lair  
  43  3:43  Drone  
  43  3:44  Spore Crawler, Queen  
  43  3:45  Drone x2  
  47  3:49  Spore Crawler  
  47  3:52  Drone x3  
  47  3:54  Drone  
  50  3:56  Drone  
  51  4:03  Drone  
  51  4:07  Extractor  
  51  4:12  Drone x2  
  51  4:14  Drone x3  
  51  4:15  Overlord  
  55  4:18  Drone x2  
  55  4:19  Drone x2  
  55  4:20  Extractor  
  55  4:22  Spore Crawler  
  56  4:27  Spore Crawler  
  54  4:32  Extractor  
  54  4:37  Drone x8  
  61  4:41  Hydralisk Den  
  61  4:44  Zergling x6  
  63  4:48  Overlord  
  63  4:49  Drone x2  
  65  4:53  Drone  
  65  4:55  Drone x2  
  65  4:56  Overlord  
  68  5:00  Zergling x2  
  68  5:01  Queen  
  68  5:04  Extractor  
  68  5:05  Overlord x2  
  70  5:13  Overlord  
  70  5:14  Hydralisk x2, Muscular Augments  
  70  5:16  Hydralisk  
  70  5:19  Hydralisk  
  77  5:36  Drone x2  
  77  5:37  Hydralisk x4, Drone x2  
  77  5:40  Hydralisk x2  
  92  5:45  Drone  
  92  5:47  Hydralisk x2  
  97  5:50  Overseer  
  97  5:53  Drone  
  97  5:56  Drone  
  99  5:59  Evolution Chamber  
  99  6:00  Drone x2  
  99  6:01  Extractor  
  99  6:08  Hydralisk x3  
  99  6:10  Drone x5  
  109  6:23  Overlord  
  109  6:26  Grooved Spines  
  109  6:27  Zerg Missile Weapons Level 1  
  109  6:31  Lurker Den  
  108  6:34  Drone x3  
  108  6:37  Hydralisk  
  108  6:38  Overlord  
  108  6:39  Overlord x3  
  113  6:43  Hydralisk, Pneumatized Carapace  
  113  6:46  Hatchery  
  114  6:54  Hydralisk x3  
  114  7:01  Hydralisk x4  
  120  7:03  Overlord  
  120  7:05  Hydralisk  
  120  7:06  Extractor  
  120  7:07  Hydralisk  
  131  7:09  Overlord  
  131  7:10  Overlord  
  131  7:11  Extractor  
  130  7:29  Hydralisk  
  129  7:30  Hydralisk x6  
  143  7:39  Drone x4  
  143  7:40  Drone x2  
  149  7:56  Overlord x2  
  149  7:58  Drone x11  
  160  8:05  Hydralisk  
  162  8:19  Hydralisk x10  
  164  8:22  Zerg Missile Weapons Level 2  
  164  8:25  Zergling x2  
  179  8:46  Drone x5  
  160  9:11  Hydralisk  
  160  9:12  Zergling x32  
  168  9:19  Hydralisk  
  168  9:20  Zergling x2  
  161  9:33  Spore Crawler  
  161  9:35  Spine Crawler  
  159  9:42  Lurker  
  159  9:43  Lurker x6  
  159  9:44  Lurker  
  161  9:47  Hatchery  
  154  9:53  Hydralisk x12  
  176  10:03  Hydralisk x9  
  183  10:09  Lurker x2  
  175  10:22  Spine Crawler, Hatchery  
  175  10:23  Hydralisk x8  
  175  10:24  Spine Crawler  
  188  10:28  Extractor  
  188  10:30  Hydralisk, Hatchery  
  188  10:31  Hydralisk x3  
  187  10:44  Queen  
  175  10:50  Hydralisk  
  175  10:51  Hydralisk x2, Zergling x2  
  175  10:52  Zergling x16  
  188  10:59  Hydralisk, Zergling x2  
  188  11:00  Zergling x10  
  192  11:10  Hydralisk, Zergling x2  
  192  11:11  Zergling x12  
  195  11:15  Hydralisk  
  195  11:16  Zergling x6  
  186  11:34  Extractor  
  186  11:37  Spore Crawler, Spine Crawler  
Tags
 
Add a new tag
Caveats
  • Supply blocks, unpowered buildings, or Contaminate may cause inaccurate times.
  • Supply counts are checked every 10 seconds.